 Dungeon Crawl Stone Soup version 0.31-a0-161-gb58dd9be76 (webtiles) character file.

Game seed: 4118064270997938472

9085 qw the Skirmisher (level 11, -9/104 HPs)
             Began as a Naga Hunter on June 12, 2023.
             Was a Priest of Okawaru.
             Mangled by a boulder beetle (41 damage)
             ... on level 1 of the Lair of Beasts.
             The game lasted 00:03:40 (10371 turns).

qw the Skirmisher (Naga Hunter)                    Turns: 10371, Time: 00:03:41

Health: -9/104     AC: 11    Str: 13    XL:     11   Next: 41%
Magic:  13/14      EV: 15    Int: 10    God:    Okawaru [***...]
Gold:   409        SH:  0    Dex: 19    Spells: 10/10 levels left

rFire   + . .        Y - +1 shortbow (heavy)
rCold   + + .        (shield currently unavailable)
rNeg    . . .        b - +1 robe of Pan-Flutes {-Cast rC++}
rPois   +            k - +0 helmet
rElec   .            e - +0 cloak
rCorr   .            n - +1 pair of gloves
SInv    +            (no barding)
Will    +....        (no amulet)
Stlth   ++++         f - ring of protection from fire
HPRegen 0.37/turn    (no ring)
MPRegen 0.14/turn

%: no spellcasting
@: short of breath, heroic, very slow
A: AC +3, large, see invisible, deformed body, poison resistance, slowness 2,
spit poison 1, naga tail 1
a: Spit Poison, Renounce Religion, Heroism


You were on level 1 of the Lair of Beasts.
You worshipped Okawaru.
Okawaru was most pleased with you.
You visited 2 branches of the dungeon, and saw 10 of its levels.

You collected 409 gold pieces.


Innate Abilities, Weirdness & Mutations

Your serpentine skin is tough. (AC +3)
You have supernaturally acute eyesight. (SInv)
Armour fits poorly on your strangely shaped body.
Your system is resistant to poisons. (rPois)
You cover ground very slowly.
You can spit poison.
You have a snake-like lower body.


   Skills:
 + Level 8.9(13.9) Fighting
 - Level 13.0(18.0) Ranged Weapons
 - Level 1.2(6.2) Armour
 - Level 4.3(9.3) Dodging
 - Level 1.5(6.5) Stealth
 - Level 4.6 Invocations


You had 10 spell levels left.
You didn't know any spells.
Your spell library was empty.

Inventory:

Hand Weapons
 Y - a +1 heavy shortbow (weapon)
Armour
 b - the +1 robe of Pan-Flutes (worn) {-Cast rC++}
   (You found it on level 2 of the Dungeon)

   rC:        It greatly protects you from cold.
   -Cast:     It prevents spellcasting.
 c - +0 steam dragon scales
 e - a +0 cloak (worn)
 h - a +2 robe of willpower
 k - a +0 helmet (worn)
 n - a +1 pair of gloves (worn)
Jewellery
 f - a ring of protection from fire (left hand)
Scrolls
 a - 4 scrolls of identify
Potions
 g - 5 potions of curing
 j - 2 potions of cancellation
 l - a potion of magic
 m - a potion of haste

Dungeon Overview and Level Annotations

Branches:
Dungeon (9/15)             Temple (0/1) D:6            Lair (1/5) D:9
    Orc: D:9-12

Altars:
Okawaru
Ru

Shops:
D:8 [

Annotations:
D:2 1 runed translucent door, Crazy Yiuf


Message History

The yak is almost dead.
You shoot an arrow. The arrow hits the yak.
The yak is almost dead.
You have got your breath back.
10353 ||| INVOKING Spit Poison.
Aiming: Spit Poison (1% risk of failure)
Press: ? - help, Shift-Dir - straight line, f/p - yak The splash of poison hits the yak.
The yak is almost dead.
You shoot an arrow. The arrow hits the yak.
You kill the yak!
Okawaru accepts your kill.
You start resting.
You have got your breath back.
You feel like a meek peon again.
A boulder beetle comes into view.
10364 ||| INVOKING Heroism.
You gain the combat prowess of a mighty hero.
You can no longer speed up your combat.
You start resting.
A boulder beetle is nearby!
You shoot an arrow. The arrow hits the boulder beetle!
The boulder beetle is lightly wounded.
10367 ||| INVOKING Spit Poison.
Aiming: Spit Poison (1% risk of failure)
Press: ? - help, Shift-Dir - straight line, f/p - boulder beetle The splash of poison hits the boulder beetle but does no damage.
The boulder beetle is poisoned.
The boulder beetle is lightly wounded.
You shoot an arrow. The arrow hits the boulder beetle.
The boulder beetle is lightly wounded.
You shoot an arrow. The arrow hits the boulder beetle!!
The boulder beetle is heavily wounded.
The boulder beetle curls into a ball and begins rolling!
You shoot an arrow. The arrow hits the boulder beetle!!
The boulder beetle is almost dead.
You shoot an arrow. The arrow hits the boulder beetle.
The boulder beetle is almost dead.
The boulder beetle hits you!!!
You die...

##....##.....##....##
##....##......#....##
#..%..##.....##....+.
##%........%..#....##
#......#............# .
#(....#......##....+.
...##....##......#......
.......%.####P#.......##
.......@B.# ###..P.....^
.........0..............
..........0.............
........................
#####....#.#..####......
#....### .P #.....#
#....# . ......P #....#
... ...


You could see a boulder beetle (rolling, poisoned).

Vanquished Creatures
  Harold (D:9)
  3 two-headed ogres
  Erica (D:8)
  Pikel (D:5)
  Psyche (D:9)
  A komodo dragon (Lair:1)
  4 yaks (Lair:1)
  Sigmund (D:5)
  A wraith (D:9)
  A wyvern (D:8)
  A basilisk (Lair:1)
  2 steam dragons
  Menkaure (D:4)
  2 water moccasins (Lair:1)
  2 sky beasts
  3 ice beasts
  3 black bears
  An ogre (D:5)
  3 wolves (Lair:1)
  A lemure (D:5)
  2 elf zombies (D:7)
  Blork the orc (D:5)
  3 bullfrogs
  A gnoll sergeant (D:9)
  4 scorpions
  13 wights
  5 killer bees (D:7)
  3 howler monkeys (D:9)
  An electric eel (Lair:1)
  2 orc priests
  A hound (D:5)
  3 jellies
  3 sleepcaps
  2 iguanas
  6 orc wizards
  9 gnolls
  7 adders
  A shadow imp (D:8)
  A worm (D:6)
  A dart slug (D:3)
  20 orcs
  5 ball pythons
  12 endoplasms
  5 giant cockroaches
  7 goblins
  6 hobgoblins
  8 jackals
  7 kobolds
  3 quokkas
  A bat (D:3)
  3 frilled lizards
  An orc skeleton (D:7)
  3 orc zombies (D:7)
  10 rats
194 creatures vanquished.

Vanquished Creatures (others)
  A hound (D:6)
1 creature vanquished.

Grand Total: 195 creatures vanquished

Notes
Turn   | Place    | Note
-------+----------+-------------------------------------------
     0 | D:1      | qw the Naga Hunter began the quest for the Orb.
     0 | D:1      | Reached XP level 1. HP: 19/19 MP: 1/1
     0 | D:1      | 0 ||| qw: Version: 0.2-a-29-gc1b59c4
     0 | D:1      | 0 ||| qw: Game counter: 4235
     0 | D:1      | 0 ||| qw: Always use a shield: true
     0 | D:1      | 0 ||| qw: God list: Okawaru
     0 | D:1      | 0 ||| qw: Allow faded altars: false
     0 | D:1      | 0 ||| qw: Do Orc after D:15 true
     0 | D:1      | 0 ||| qw: Do second Lair branch before Depths: true
     0 | D:1      | 0 ||| qw: Lair rune preference: random
     0 | D:1      | 0 ||| qw: Plans: Normal
     0 | D:1      | 0 ||| PLANNING D:1-11
    65 | D:1      | 65 ||| INVOKING Spit Poison.
    84 | D:1      | 84 ||| INVOKING Spit Poison.
    95 | D:1      | 95 ||| INVOKING Spit Poison.
   105 | D:1      | 105 ||| INVOKING Spit Poison.
   108 | D:1      | 108 ||| INVOKING Spit Poison.
   128 | D:1      | Reached skill level 4 in Ranged Weapons
   128 | D:1      | Reached XP level 2. HP: 26/26 MP: 2/2
   137 | D:1      | 137 ||| INVOKING Spit Poison.
   174 | D:1      | 174 ||| INVOKING Spit Poison.
   223 | D:1      | 223 ||| INVOKING Spit Poison.
   290 | D:1      | 290 ||| INVOKING Spit Poison.
   327 | D:1      | 327 ||| INVOKING Spit Poison.
   331 | D:1      | 331 ||| INVOKING Spit Poison.
   354 | D:1      | 354 ||| INVOKING Spit Poison.
   360 | D:1      | 360 ||| INVOKING Spit Poison.
   362 | D:1      | Reached XP level 3. HP: 31/32 MP: 3/3
   363 | D:1      | 363 ||| INVOKING Spit Poison.
   368 | D:1      | 368 ||| INVOKING Spit Poison.
   421 | D:1      | 421 ||| INVOKING Spit Poison.
   478 | D:1      | 478 ||| INVOKING Spit Poison.
   494 | D:1      | 494 ||| INVOKING Spit Poison.
   503 | D:1      | 503 ||| INVOKING Spit Poison.
   706 | D:1      | 706 ||| INVOKING Spit Poison.
   736 | D:1      | 736 ||| INVOKING Spit Poison.
   766 | D:1      | 766 ||| READING scroll labelled BEDUNA POGUEFF.
   767 | D:1      | 767 ||| READING scroll labelled CAC COCOPNEWE.
   768 | D:1      | 768 ||| READING scroll labelled PICKYIXKO RIAC.
   769 | D:1      | 769 ||| READING scroll labelled IREROTIMA.
   770 | D:1      | 770 ||| READING scroll labelled HUNUAV QISOPS.
   774 | D:1      | 774 ||| DROPPING scroll of butterflies.
   814 | D:2      | 814 ||| INVOKING Spit Poison.
   878 | D:2      | Found a runed translucent door.
   879 | D:2      | Noticed Crazy Yiuf
  1102 | D:2      | 1102 ||| INVOKING Spit Poison.
  1105 | D:2      | 1105 ||| INVOKING Spit Poison.
  1130 | D:2      | 1130 ||| INVOKING Spit Poison.
  1192 | D:2      | 1192 ||| INVOKING Spit Poison.
  1196 | D:2      | 1196 ||| INVOKING Spit Poison.
  1224 | D:2      | Identified the +1 robe of Pan-Flutes {-Cast rC++}
  1244 | D:2      | 1244 ||| INVOKING Spit Poison.
  1249 | D:2      | 1249 ||| INVOKING Spit Poison.
  1254 | D:2      | 1254 ||| INVOKING Spit Poison.
  1345 | D:2      | Found a faded altar of an unknown god.
  1373 | D:2      | 1373 ||| INVOKING Spit Poison.
  1375 | D:2      | Reached skill level 5 in Ranged Weapons
  1375 | D:2      | Reached XP level 4. HP: 39/39 MP: 4/4
  1527 | D:2      | 1527 ||| INVOKING Spit Poison.
  1725 | D:2      | 1725 ||| UPGRADING to +1 robe of Pan-Flutes {-Cast rC++}.
  1735 | D:2      | 1735 ||| DROPPING +0 leather armour.
  1736 | D:2      | 1736 ||| DRINKING 3 grey potions.
  1859 | D:3      | 1859 ||| INVOKING Spit Poison.
  1942 | D:3      | 1942 ||| INVOKING Spit Poison.
  1948 | D:3      | 1948 ||| INVOKING Spit Poison.
  1970 | D:3      | 1970 ||| INVOKING Spit Poison.
  1974 | D:3      | 1974 ||| INVOKING Spit Poison.
  1996 | D:3      | 1996 ||| INVOKING Spit Poison.
  2020 | D:3      | 2020 ||| INVOKING Spit Poison.
  2031 | D:3      | 2031 ||| INVOKING Spit Poison.
  2159 | D:3      | Identified the +2 chain mail of Wuk Caam {-Cast rPois
                  | Will+++ Int-5}
  2245 | D:3      | Found a sacrificial altar of Ru.
  2245 | D:3      | Found an iron altar of Okawaru.
  2246 | D:3      | 2246 ||| PLANNING OKAWARU WORSHIP
  2317 | D:3      | 2317 ||| DROPPING ring of flight.
  2318 | D:3      | 2318 ||| READING scroll labelled JAMIOPSIMP.
  2319 | D:3      | 2319 ||| READING scroll labelled YTOUTO XIQIAWN.
  2320 | D:3      | 2320 ||| READING scroll labelled SUGUD DAOLEW.
  2348 | D:3      | Became a worshipper of Warmaster Okawaru
  2348 | D:3      | 2348 ||| PLANNING D:1-11
  2382 | D:4      | 2382 ||| INVOKING Spit Poison.
  2385 | D:4      | 2385 ||| INVOKING Spit Poison.
  2389 | D:4      | 2389 ||| STAIRDANCE
  2391 | D:3      | 2391 ||| INVOKING Spit Poison.
  2509 | D:4      | Reached skill level 3 in Fighting
  2509 | D:4      | Reached XP level 5. HP: 49/49 MP: 5/5
  2561 | D:4      | 2561 ||| INVOKING Spit Poison.
  2566 | D:4      | 2566 ||| INVOKING Spit Poison.
  2654 | D:4      | 2654 ||| INVOKING Spit Poison.
  2760 | D:4      | HP: 7/49 [sleepcap (21)]
  2761 | D:4      | 2761 ||| READING scroll of teleportation.
  2762 | D:4      | Noticed an ice beast
  2989 | D:4      | Noticed Menkaure
  2994 | D:4      | Killed Menkaure
  2994 | D:4      | Reached * piety under Okawaru
  2995 | D:4      | Reached skill level 6 in Ranged Weapons
  2995 | D:4      | Reached XP level 6. HP: 30/56 MP: 6/6
  3061 | D:4      | Killed an ice beast
  3062 | D:4      | Reached skill level 1 in Invocations
  3128 | D:4      | 3128 ||| INVOKING Heroism.
  3149 | D:4      | Noticed a black bear
  3150 | D:4      | 3150 ||| INVOKING Heroism.
  3153 | D:4      | 3153 ||| INVOKING Spit Poison.
  3156 | D:4      | Killed a black bear
  3157 | D:4      | Reached XP level 7. HP: 64/64 MP: 5/8
  3217 | D:4      | 3217 ||| INVOKING Spit Poison.
  3222 | D:4      | 3222 ||| INVOKING Spit Poison.
  3367 | D:4      | 3367 ||| INVOKING Spit Poison.
  3592 | D:5      | Entered Level 5 of the Dungeon
  3603 | D:5      | 3603 ||| INVOKING Heroism.
  3709 | D:5      | 3709 ||| INVOKING Spit Poison.
  3713 | D:5      | 3713 ||| INVOKING Spit Poison.
  3714 | D:5      | Reached skill level 3 in Invocations
  3722 | D:5      | 3722 ||| INVOKING Heroism.
  3725 | D:5      | 3725 ||| INVOKING Spit Poison.
  3766 | D:5      | 3766 ||| INVOKING Spit Poison.
  3782 | D:5      | Noticed Blork the orc
  3783 | D:5      | 3783 ||| INVOKING Heroism.
  3784 | D:5      | 3784 ||| INVOKING Spit Poison.
  3792 | D:5      | 3792 ||| INVOKING Spit Poison.
  3792 | D:5      | Killed Blork the orc
  3995 | D:5      | 3995 ||| INVOKING Spit Poison.
  4001 | D:5      | 4001 ||| INVOKING Spit Poison.
  4022 | D:5      | 4022 ||| INVOKING Spit Poison.
  4027 | D:5      | 4027 ||| INVOKING Spit Poison.
  4028 | D:5      | 4028 ||| INVOKING Heroism.
  4034 | D:5      | 4034 ||| INVOKING Spit Poison.
  4042 | D:5      | 4042 ||| INVOKING Spit Poison.
  4043 | D:5      | Reached skill level 7 in Ranged Weapons
  4043 | D:5      | Reached XP level 8. HP: 32/72 MP: 9/11
  4175 | D:5      | 4175 ||| INVOKING Heroism.
  4176 | D:5      | 4176 ||| INVOKING Spit Poison.
  4177 | D:5      | 4177 ||| Stepping ~*~*~tactically~*~*~ (outnumbered).
  4180 | D:5      | 4180 ||| INVOKING Spit Poison.
  4184 | D:5      | 4184 ||| INVOKING Spit Poison.
  4254 | D:5      | 4254 ||| INVOKING Spit Poison.
  4255 | D:5      | 4255 ||| INVOKING Heroism.
  4259 | D:5      | 4259 ||| INVOKING Spit Poison.
  4335 | D:5      | 4335 ||| INVOKING Spit Poison.
  4342 | D:5      | 4342 ||| INVOKING Spit Poison.
  4348 | D:5      | 4348 ||| INVOKING Spit Poison.
  4435 | D:5      | 4435 ||| INVOKING Spit Poison.
  4439 | D:5      | 4439 ||| INVOKING Spit Poison.
  4445 | D:5      | 4445 ||| INVOKING Spit Poison.
  4451 | D:5      | Noticed Pikel
  4452 | D:5      | 4452 ||| INVOKING Heroism.
  4453 | D:5      | 4453 ||| INVOKING Spit Poison.
  4458 | D:5      | 4458 ||| INVOKING Spit Poison.
  4465 | D:5      | 4465 ||| INVOKING Spit Poison.
  4466 | D:5      | Killed Pikel
  4467 | D:5      | Reached skill level 9 in Ranged Weapons
  4690 | D:5      | Noticed Sigmund
  4691 | D:5      | 4691 ||| INVOKING Heroism.
  4692 | D:5      | 4692 ||| INVOKING Spit Poison.
  4699 | D:5      | 4699 ||| INVOKING Spit Poison.
  4702 | D:5      | Killed Sigmund
  4703 | D:5      | Reached XP level 9. HP: 81/81 MP: 10/12
  4994 | D:5      | 4994 ||| UPGRADING to +0 pair of gloves.
  4999 | D:5      | 4999 ||| READING scroll of enchant armour.
  4999 | D:5      | 4999 ||| ENCHANTING +0 pair of gloves.
  5000 | D:5      | 5000 ||| READING scroll labelled IZOCVIKY TOGH.
  5001 | D:5      | 5001 ||| DRINKING 2 red potions.
  5002 | D:5      | 5002 ||| DRINKING 2 metallic inky potions.
  5003 | D:5      | 5003 ||| READING 4 scrolls of identify.
  5003 | D:5      | 5003 ||| IDENTIFYING brown potion
  5004 | D:5      | 5004 ||| READING 3 scrolls of identify.
  5004 | D:5      | 5004 ||| IDENTIFYING dark potion
  5005 | D:5      | 5005 ||| READING 2 scrolls of identify.
  5005 | D:5      | 5005 ||| IDENTIFYING clear potion
  5006 | D:5      | 5006 ||| DROPPING potion of invisibility.
  5007 | D:5      | 5007 ||| DROPPING potion of attraction.
  5033 | D:6      | 5033 ||| PLANNING SEWER
  5033 | D:6      | 5033 ||| INVOKING Spit Poison.
  5035 | D:6      | 5035 ||| INVOKING Heroism.
  5036 | D:6      | 5036 ||| INVOKING Spit Poison.
  5043 | D:6      | 5043 ||| INVOKING Spit Poison.
  5047 | D:6      | 5047 ||| INVOKING Spit Poison.
  5051 | D:6      | 5051 ||| INVOKING Spit Poison.
  5055 | D:6      | 5055 ||| STAIRDANCE
  5059 | D:5      | 5059 ||| INVOKING Spit Poison.
  5120 | D:6      | Found a staircase to the Ecumenical Temple.
  5140 | D:6      | 5140 ||| INVOKING Spit Poison.
  5144 | D:6      | 5144 ||| INVOKING Spit Poison.
  5163 | D:6      | 5163 ||| INVOKING Spit Poison.
  5187 | D:6      | 5187 ||| INVOKING Spit Poison.
  5195 | D:6      | 5195 ||| INVOKING Heroism.
  5196 | D:6      | 5196 ||| INVOKING Spit Poison.
  5200 | D:6      | Reached skill level 3 in Dodging
  5203 | D:6      | 5203 ||| INVOKING Spit Poison.
  5207 | D:6      | 5207 ||| INVOKING Spit Poison.
  5360 | D:6      | 5360 ||| INVOKING Heroism.
  5361 | D:6      | 5361 ||| INVOKING Spit Poison.
  5367 | D:6      | 5367 ||| INVOKING Spit Poison.
  5371 | D:6      | 5371 ||| INVOKING Spit Poison.
  5374 | D:6      | Reached skill level 6 in Fighting
  5492 | D:6      | 5492 ||| INVOKING Heroism.
  5493 | D:6      | 5493 ||| INVOKING Spit Poison.
  5522 | D:6      | 5522 ||| INVOKING Spit Poison.
  5619 | D:6      | 5619 ||| RIP SEWER
  5699 | D:6      | 5699 ||| PLANNING D:1-11
  5699 | D:6      | 5699 ||| READING scroll labelled LICOTAUSAL.
  5700 | D:6      | 5700 ||| READING scroll labelled PURULEUCKY.
  5702 | D:6      | 5702 ||| DRINKING 2 silvery potions.
  5703 | D:6      | 5703 ||| READING 3 scrolls of identify.
  5703 | D:6      | 5703 ||| IDENTIFYING fizzy dark potion
  5704 | D:6      | 5704 ||| READING 2 scrolls of identify.
  5704 | D:6      | 5704 ||| IDENTIFYING murky black potion
  5705 | D:6      | 5705 ||| DROPPING potion of berserk rage.
  5706 | D:6      | 5706 ||| DROPPING potion of lignification.
  5711 | D:6      | 5711 ||| INVOKING Spit Poison.
  5822 | D:7      | 5822 ||| PLANNING OSSUARY
  5832 | D:7      | 5832 ||| STAIRDANCE
  5836 | D:6      | 5836 ||| INVOKING Heroism.
  5971 | D:7      | 5971 ||| INVOKING Spit Poison.
  5976 | D:7      | 5976 ||| INVOKING Spit Poison.
  6048 | D:7      | 6048 ||| INVOKING Spit Poison.
  6052 | D:7      | 6052 ||| INVOKING Spit Poison.
  6108 | D:7      | Reached skill level 10 in Ranged Weapons
  6116 | D:7      | 6116 ||| INVOKING Spit Poison.
  6121 | D:7      | 6121 ||| INVOKING Spit Poison.
  6127 | D:7      | 6127 ||| INVOKING Heroism.
  6128 | D:7      | 6128 ||| INVOKING Spit Poison.
  6131 | D:7      | HP: 21/85 [poisoned by a killer bee]
  6131 | D:7      | HP: 9/85 [killer bee (3)]
  6132 | D:7      | 6132 ||| READING scroll of teleportation.
  6133 | D:7      | 6133 ||| DRINKING potion of heal wounds.
  6134 | D:7      | 6134 ||| INVOKING Spit Poison.
  6136 | D:7      | HP: 16/85 [killer bee (6)]
  6141 | D:7      | HP: 13/85 [poisoned by a killer bee]
  6181 | D:7      | 6181 ||| INVOKING Heroism.
  6207 | D:7      | 6207 ||| INVOKING Spit Poison.
  6212 | D:7      | 6212 ||| INVOKING Spit Poison.
  6213 | D:7      | 6213 ||| INVOKING Heroism.
  6410 | D:7      | Identified the +4 sling of Deformation {heavy, rPois rC-
                  | Will- Int+8}
  6412 | D:7      | 6412 ||| DROPPING +4 sling of Deformation {heavy, rPois rC-
                  | Will- Int+8}.
  6435 | D:7      | Identified the +4 trident of Compound Interest {flame,
                  | rPois}
  6512 | D:7      | 6512 ||| RIP OSSUARY
  6524 | D:7      | 6524 ||| PLANNING D:1-11
  6631 | D:7      | 6631 ||| INVOKING Spit Poison.
  7008 | D:7      | 7008 ||| UPGRADING to +0 cloak.
  7013 | D:7      | 7013 ||| UPGRADING to ring of protection from fire.
  7014 | D:7      | 7014 ||| DROPPING ring of magical power.
  7015 | D:7      | 7015 ||| READING scroll labelled ISOBIFOZUO.
  7143 | D:8      | 7143 ||| INVOKING Spit Poison.
  7149 | D:8      | 7149 ||| INVOKING Spit Poison.
  7154 | D:8      | Reached skill level 1 in Armour
  7161 | D:8      | Noticed Erica
  7161 | D:8      | Noticed a two-headed ogre
  7162 | D:8      | 7162 ||| INVOKING Heroism.
  7163 | D:8      | 7163 ||| INVOKING Spit Poison.
  7170 | D:8      | 7170 ||| INVOKING Spit Poison.
  7172 | D:8      | Killed a two-headed ogre
  7172 | D:8      | Reached ** piety under Okawaru
  7173 | D:8      | Reached skill level 11 in Ranged Weapons
  7173 | D:8      | Reached XP level 10. HP: 59/94 MP: 11/13
  7177 | D:8      | 7177 ||| INVOKING Spit Poison.
  7183 | D:8      | 7183 ||| INVOKING Spit Poison.
  7185 | D:8      | Killed Erica
  7405 | D:8      | 7405 ||| INVOKING Spit Poison.
  7414 | D:8      | 7414 ||| INVOKING Spit Poison.
  7554 | D:8      | 7554 ||| INVOKING Heroism.
  7555 | D:8      | 7555 ||| INVOKING Spit Poison.
  7559 | D:8      | 7559 ||| INVOKING Spit Poison.
  7914 | D:8      | Identified the +11 spear of Lont {heavy, Int+5}
  7923 | D:8      | 7923 ||| INVOKING Spit Poison.
  8029 | D:8      | 8029 ||| INVOKING Heroism.
  8206 | D:8      | 8206 ||| READING scroll of brand weapon.
  8206 | D:8      | 8206 ||| BRANDING +1 shortbow of flaming.
  8267 | D:8      | 8267 ||| INVOKING Spit Poison.
  8291 | D:8      | Found Byalony's Antique Armour Shop.
  8308 | D:8      | Reached *** piety under Okawaru
  8705 | D:8      | 8705 ||| UPGRADING to +0 helmet.
  8710 | D:8      | 8710 ||| READING 5 scrolls of identify.
  8710 | D:8      | 8710 ||| IDENTIFYING bubbling grey potion
  8711 | D:8      | 8711 ||| DROPPING potion of brilliance.
  8844 | D:9      | 8844 ||| INVOKING Spit Poison.
  8908 | D:9      | Noticed a two-headed ogre
  8909 | D:9      | 8909 ||| INVOKING Heroism.
  8910 | D:9      | 8910 ||| INVOKING Spit Poison.
  8914 | D:9      | 8914 ||| INVOKING Spit Poison.
  8921 | D:9      | 8921 ||| INVOKING Spit Poison.
  8922 | D:9      | Killed a two-headed ogre
  9111 | D:9      | Noticed a two-headed ogre
  9112 | D:9      | 9112 ||| INVOKING Heroism.
  9113 | D:9      | 9113 ||| INVOKING Spit Poison.
  9113 | D:9      | Noticed Psyche
  9118 | D:9      | 9118 ||| INVOKING Spit Poison.
  9119 | D:9      | Killed a two-headed ogre
  9120 | D:9      | Reached skill level 12 in Ranged Weapons
  9120 | D:9      | Reached XP level 11. HP: 67/103 MP: 12/14
  9121 | D:9      | 9121 ||| INVOKING Spit Poison.
  9123 | D:9      | Killed Psyche
  9275 | D:9      | 9275 ||| INVOKING Spit Poison.
  9281 | D:9      | 9281 ||| INVOKING Spit Poison.
  9286 | D:9      | 9286 ||| INVOKING Spit Poison.
  9313 | D:9      | 9313 ||| INVOKING Spit Poison.
  9318 | D:9      | 9318 ||| INVOKING Spit Poison.
  9324 | D:9      | 9324 ||| INVOKING Spit Poison.
  9327 | D:9      | 9327 ||| INVOKING Spit Poison.
  9330 | D:9      | 9330 ||| INVOKING Spit Poison.
  9395 | D:9      | 9395 ||| INVOKING Spit Poison.
  9570 | D:9      | 9570 ||| INVOKING Spit Poison.
  9901 | D:9      | Found a staircase to the Lair.
  9964 | D:9      | 9964 ||| INVOKING Spit Poison.
  9999 | D:9      | Noticed Harold
 10000 | D:9      | 10000 ||| INVOKING Heroism.
 10004 | D:9      | 10004 ||| INVOKING Spit Poison.
 10007 | D:9      | Killed Harold
 10008 | D:9      | Reached skill level 13 in Ranged Weapons
 10137 | D:9      | 10137 ||| PLANNING LAIR
 10137 | D:9      | 10137 ||| READING 5 scrolls of identify.
 10137 | D:9      | 10137 ||| IDENTIFYING bubbling dark potion
 10138 | D:9      | 10138 ||| DROPPING potion of degeneration.
 10160 | Lair:1   | Entered Level 1 of the Lair of Beasts
 10161 | Lair:1   | 10161 ||| INVOKING Heroism.
 10162 | Lair:1   | 10162 ||| INVOKING Spit Poison.
 10200 | Lair:1   | 10200 ||| INVOKING Spit Poison.
 10203 | Lair:1   | 10203 ||| INVOKING Spit Poison.
 10206 | Lair:1   | 10206 ||| DRINKING 3 potions of cancellation.
 10207 | Lair:1   | 10207 ||| INVOKING Spit Poison.
 10218 | Lair:1   | 10218 ||| INVOKING Spit Poison.
 10224 | Lair:1   | 10224 ||| INVOKING Spit Poison.
 10227 | Lair:1   | 10227 ||| INVOKING Spit Poison.
 10227 | Lair:1   | Reached **** piety under Okawaru
 10284 | Lair:1   | 10284 ||| INVOKING Heroism.
 10286 | Lair:1   | 10286 ||| INVOKING Spit Poison.
 10328 | Lair:1   | 10328 ||| INVOKING Spit Poison.
 10333 | Lair:1   | 10333 ||| INVOKING Spit Poison.
 10338 | Lair:1   | 10338 ||| INVOKING Heroism.
 10340 | Lair:1   | 10340 ||| INVOKING Spit Poison.
 10346 | Lair:1   | 10346 ||| INVOKING Spit Poison.
 10346 | Lair:1   | HP: 23/104 [yak (13)]
 10347 | Lair:1   | 10347 ||| READING scroll of teleportation.
 10353 | Lair:1   | 10353 ||| INVOKING Spit Poison.
 10363 | Lair:1   | Noticed a boulder beetle
 10364 | Lair:1   | 10364 ||| INVOKING Heroism.
 10367 | Lair:1   | 10367 ||| INVOKING Spit Poison.
 10371 | Lair:1   | Mangled by a boulder beetle

Levels and vault maps discovered:
D:1:      heliophobic_arrival_ceremonial_halls, layout_loops_ring
D:2:      layout_loops_corners, ebering_ecumenical_altar_ruins,
          uniq_crazy_yiuf_cottage
D:3:      layout_basic, mainiacjoe_overflow_divided_tiny, corner_web_ring
D:4:      layout_cave_pods, grunt_decor_junction, uniq_menkaure
D:5:      layout_loops_corners, minmay_pentangle, uniq_sigmund,
          uniq_blork_the_orc, uniq_pikel
D:6:      layout_cave_pools, minmay_temple_entry_arrows,
          cheibrodos_sewer_entry_bend, kennysheep_nub
D:7:      layout_loops_ring, nicolae_ossuary_entry_catacombs, serial_park_tiny_1
D:8:      layout_layer_cave, serial_shops, shop, uniq_erica
D:9:      layout_loops_corners, lair_entry_dummy, enter_bailey_3, uniq_psyche,
          uniq_harold
Lair:1:   layout_regular_city, infiniplex_staircase_pool, lemuel_fruit_fields,
          grunt_megastairs_5, lemuel_fruit_fields, uniq_nergalle

Skill      XL: |  1  2  3  4  5  6  7  8  9 10 11 |
---------------+----------------------------------+-----
Ranged Weapons | 4 5 6 7 9 11 12 13 | 13.0
Fighting       | 3 4 5 7 8 |  8.9
Invocations    | 2 4 |  4.6
Dodging        | 2 3 4 |  4.3
Armour         | 1 |  1.2
Stealth        | |  1.5

Action                     |  1- 3 |  4- 6 |  7- 9 | 10-12 || total
---------------------------+-------+-------+-------+-------++-------
   Fire: Shortbow          |    76 |    92 |   304 |   198 ||   670
 Invoke: Heroism           |       |     2 |    17 |     9 ||    28
Ability: Spit Poison       |    31 |    16 |    65 |    41 ||   153
    Use: Scroll            |     5 |     4 |    11 |     4 ||    24
         Potion            |       |     1 |     4 |     1 ||     6
 Armour: Leather armour    |     7 |       |       |       ||     7
         Robe              |       |     6 |    77 |    22 ||   105
  Dodge: Dodged            |    19 |    13 |   150 |    91 ||   273

Table legend:
 A = Non-vault XP
 B = Vault XP
 C = Vault XP percentage of total XP
 D = Non-vault monster count
 E = Vault monster count
 F = Vault count percentage of total count
                 A         B        C        D         E       F
            +---------+---------+-------+---------+---------+-------
      Total |    9182 |    3797 |  29.3 |     168 |      25 |  13.0
            +---------+---------+-------+---------+---------+-------
        D:1 |      47 |       0 |   0.0 |      29 |       0 |   0.0
        D:2 |      46 |       0 |   0.0 |      14 |       0 |   0.0
        D:3 |      35 |       0 |   0.0 |      16 |       0 |   0.0
        D:4 |     432 |     172 |  28.5 |      17 |       1 |   5.6
        D:5 |     501 |    1331 |  72.7 |      15 |      10 |  40.0
        D:6 |     918 |       5 |   0.5 |      16 |       1 |   5.9
        D:7 |     713 |     199 |  21.8 |      13 |       6 |  31.6
        D:8 |    2240 |     821 |  26.8 |      20 |       1 |   4.8
        D:9 |    2172 |    1269 |  36.9 |      16 |       6 |  27.3
     Lair:1 |    2078 |       0 |   0.0 |      12 |       0 |   0.0
            +---------+---------+-------+---------+---------+-------
